 Dungeon Crawl Stone Soup version 0.30.1-3-gfc49f6343a (webtiles) character file.

Game seed: 7038557405349677153

3269 Fodor the Protected (level 9, -5/82 HPs)
             Began as a Minotaur Fighter on July 25, 2023.
             Was an Initiate of Gozag.
             Slain by a kobold brigand
             ... wielding a +0 war axe
              (9 damage)
             ... in a bailey on July 26, 2023.
             The game lasted 00:41:38 (7176 turns).

Fodor the Protected (Minotaur Fighter)              Turns: 7176, Time: 00:41:39

Health: -5/82      AC: 17    Str: 25    XL:     9   Next: 68%
Magic:  8/8        EV:  7    Int:  5    God:    Gozag
Gold:   388        SH:  5    Dex: 10    Spells: 8/8 levels left

rFire   + . .        P - +3 war axe
rCold   . . .        c - +0 buckler
rNeg    + . .        i - +0 plate armour
rPois   .            (helmet restricted)
rElec   .            J - +1 cloak of Ferocious Life {rN+ Regen+}
rCorr   .            (no gloves)
SInv    .            z - +0 pair of boots {rampage}
Will    .....        d - amulet of regeneration Stlth
                     B - ring of protection from fire
HPRegen 1.93/turn    (no ring)
MPRegen 0.11/turn

%: rampage
@: lethally poisoned (-5 -> -6), gold aura, slowed, studying Throwing, very slow
A: horns 2, retaliatory headbutt
a: Renounce Religion, Potion Petition, Call Merchant, Bribe Branch


You were in a bailey.
You worshipped Gozag.
Gozag was aware of your devotion.
You visited 2 branches of the dungeon, and saw 9 of its levels.
You also visited: Bailey.

You collected 470 gold pieces.
You paid 82 gold pieces to Gozag.

Inventory:

Hand Weapons
 D - a +0 shortbow
 L - a +3 long sword of freezing
 P - a +3 war axe (weapon)
Missiles
 y - 22 boomerangs (quivered)
 F - 4 curare-tipped darts
 O - 15 poisoned darts
Armour
 c - a +0 buckler (worn)
 i - a +0 plate armour (worn)
 z - a +0 pair of boots of rampaging (worn)
 J - the +1 cloak of Ferocious Life (worn) {rN+ Regen+}
   (You found it on level 7 of the Dungeon)

   rN:        It protects you from negative energy.
   Regen:     It increases your rate of health regeneration.
Jewellery
 d - an amulet of regeneration (around neck)
 k - a ring of wizardry
 B - a ring of protection from fire (left hand)
 E - an amulet of guardian spirit
 N - a ring of poison resistance
Wands
 a - a wand of polymorph (11)
 M - a wand of iceblast (12)
Scrolls
 e - 2 scrolls of identify
 l - 2 scrolls of vulnerability
 m - 3 scrolls of enchant weapon
 n - 5 scrolls of teleportation
 p - a scroll of poison {unknown}
 q - 2 scrolls of magic mapping
 r - a scroll of blinking {unknown}
 t - a scroll of acquirement {unknown}
 v - 2 scrolls of summoning {unknown}
 w - a scroll of immolation {unknown}
 x - a scroll of torment {unknown}
 A - a scroll of fog {unknown}
 G - a scroll of enchant armour {unknown}
 K - a scroll of silence {unknown}
Potions
 b - 6 potions of haste {unknown}
 f - a potion of lignification {unknown}
 g - 5 potions of curing {unknown}
 j - 2 potions of degeneration {unknown}
 o - 5 potions of mutation {unknown}
 s - 2 potions of invisibility {unknown}
 u - a potion of heal wounds
 H - 2 potions of might


   Skills:
 + Level 8.7 Fighting
 + Level 7.4 Long Blades
 + Level 7.9 Maces & Flails
 + Level 0.3 Throwing
 + Level 8.7 Armour
 + Level 1.0 Dodging
 + Level 0.5 Stealth
 + Level 6.3 Shields


You had 8 spell levels left.
You didn't know any spells.
Your spell library contained the following spells:

 Spells                   Type           Power      Damage    Failure   Level
 Sublimation of Blood     Necr           0%         N/A       100%        2
 Call Canine Familiar     Summ           0%         N/A       100%        3
 Inner Flame              Hex/Fire       0%         N/A       100%        3
 Portal Projectile        Hex/Tloc       0%         N/A       100%        3
 Stone Arrow              Conj/Erth      0%         3d7       100%        3
 Animate Armour           Summ/Erth      0%         N/A       100%        4
 Flame Wave               Conj/Fire      0%         2d4       100%        4
 Leda's Liquefaction      Hex/Erth       0%         N/A       100%        4
 Petrify                  Tmut/Erth      0%         N/A       100%        4
 Sticky Flame             Conj/Fire      0%         2d3       100%        4
 Irradiate                Conj/Tmut      0%         3d11      100%        5
 Lehudib's Crystal Spear  Conj/Erth      0%         10d2      100%        8


Dungeon Overview and Level Annotations

Branches:
Dungeon (8/15)             Temple (1/1) D:6          Bailey (1/1)
   Lair: D:8-11

Altars:
Ashenzari
Cheibriados
Dithmenos
Elyvilon
Fedhas
Gozag
Hepliaklqana
Kikubaaqudgha
Makhleb
Nemelex Xobeh
Okawaru
Qazlal
Sif Muna
Trog
Uskayaw
Vehumet
Wu Jian
Xom
Zin
The Shining One


Innate Abilities, Weirdness & Mutations

You have a pair of horns on your head.
You reflexively headbutt those who attack you in melee.


Message History

The kobold brigand hits you but does no damage.
The orc warrior hits you with a +0 battleaxe!
The kobold brigand barely misses you.
The orc warrior hits you with a +0 battleaxe! x2
You slash the orc warrior! You headbutt the orc warrior!
The orc warrior is almost dead.
You closely miss the kobold brigand. You barely miss the orc warrior.
You slash the kobold brigand! You closely miss the orc warrior.
You hit the orc warrior.
You feel sick.
The orc warrior hits you with a +0 war axe.
The orc warrior hits you but does no damage.
You block the orc warrior's attack.
The kobold brigand hits you with a +0 war axe. x2
The orc warrior hits you with a +0 battleaxe.
* * * LOW HITPOINT WARNING * * *
The orc warrior hits you but does no damage.
The kobold brigand hits you with a +0 war axe.
* * * LOW HITPOINT WARNING * * *
The orc warrior closely misses you. You furiously retaliate!
You headbutt the orc warrior, but do no damage.
The kobold brigand hits you but does no damage.
The orc warrior hits you with a +0 battleaxe!
* * * LOW HITPOINT WARNING * * *
The orc warrior hits you but does no damage.
You feel much better.
You feel sick. You block the orc warrior's attack.
The orc warrior hits you with a +0 battleaxe!
The orc warrior hits you but does no damage.
The kobold brigand hits you with a +0 war axe.
* * * LOW HITPOINT WARNING * * *
The kobold brigand hits you but does no damage.
The orc warrior hits you with a +0 battleaxe!
* * * LOW HITPOINT WARNING * * *
The orc warrior hits you but does no damage.
The kobold brigand hits you with a +0 war axe!
* * * LOW HITPOINT WARNING * * *
The orc warrior hits you with a +0 battleaxe.
* * * LOW HITPOINT WARNING * * *
The kobold brigand hits you with a +0 war axe!
You die...
Your body crumbles into a pile of gold.

##~.......~##
####'''####
##..)..##
#∩[...)∩#
#...8...#
##..(..##
###'###
####o..####
#.o@KK....#
#...oKo.......
#...............
#...............
##.............#
###.$(.(.([.###
####._.#### ####


You could see 4 orc warriors and 3 kobold brigands.

Vanquished Creatures
  A hornet (D:7)
  A slime creature (D:7)
  Grum (D:8)
  2 water moccasins
  2 sky beasts
  2 ogres (D:5)
  An orc warrior (Bailey)
  3 wolves (D:8)
  2 centaurs (D:5)
  2 bullfrogs (D:7)
  5 kobold brigands
  A gnoll sergeant (D:8)
  4 scorpions
  3 wights (D:7)
  A howler monkey (D:7)
  4 hounds
  An orc priest (D:7)
  3 jellies (D:6)
  2 gnoll boudas
  Ijyb (D:3)
  3 iguanas
  13 gnolls
  9 adders
  2 shadow imps
  3 white imps
  2 ufetubi
  A worm (D:4)
  A dart slug (D:1)
  15 orcs
  3 bats
  6 endoplasms
  8 giant cockroaches
  8 goblins
  10 hobgoblins
  20 kobolds
  5 quokkas
  6 ball pythons
  2 frilled lizards
  3 rats (D:2)
  A spectral orc (D:4)
163 creatures vanquished.

Vanquished Creatures (others)
  A kobold (Bailey)
1 creature vanquished.

Grand Total: 164 creatures vanquished

Notes
Turn   | Place    | Note
-------+----------+-------------------------------------------
     0 | D:1      | Fodor the Minotaur Fighter began the quest for the Orb.
     0 | D:1      | Reached XP level 1. HP: 19/19 MP: 0/0
    87 | D:1      | Reached XP level 2. HP: 26/27 MP: 1/1
   557 | D:1      | Found a faded altar of an unknown god.
   941 | D:2      | Reached XP level 3. HP: 25/34 MP: 2/2
  1705 | D:3      | Noticed Ijyb
  1706 | D:3      | Paralysed by Ijyb for 4 turns
  1744 | D:3      | Killed Ijyb
  1745 | D:3      | Reached XP level 4. HP: 30/41 MP: 3/3
  2557 | D:4      | Reached skill level 5 in Armour
  2557 | D:4      | Reached XP level 5. HP: 47/47 MP: 4/4
  2631 | D:4      | Found a hazy altar of Hepliaklqana.
  2767 | D:4      | Found a burning altar of Makhleb.
  3143 | D:4      | Reached XP level 6. HP: 47/55 MP: 5/5
  3410 | D:5      | Entered Level 5 of the Dungeon
  3631 | D:5      | Reached skill level 5 in Fighting
  3850 | D:5      | Reached skill level 5 in Long Blades
  3850 | D:5      | Reached skill level 1 in Maces & Flails
  4178 | D:5      | Reached XP level 7. HP: 61/62 MP: 6/6
  4547 | D:6      | Reached skill level 5 in Shields
  4565 | D:6      | Reached skill level 5 in Maces & Flails
  4565 | D:6      | Reached XP level 8. HP: 70/70 MP: 7/7
  5020 | D:6      | Found a staircase to the Ecumenical Temple.
  5460 | D:7      | Identified the +1 cloak of Ferocious Life {rN+ Regen+}
  5696 | D:7      | Noticed a hornet
  5700 | D:7      | Paralysed by a hornet for 3 turns
  5704 | D:7      | Paralysed by a hornet for 2 turns
  5709 | D:7      | Killed a hornet
  5761 | D:7      | Reached XP level 9. HP: 79/79 MP: 8/8
  6401 | Temple   | Entered the Ecumenical Temple
  6493 | D:8      | Found a glowing golden altar of the Shining One.
  6494 | D:8      | Found an ornate altar of the Wu Jian Council.
  6494 | D:8      | Found an opulent altar of Gozag.
  6497 | D:8      | Found a glowing silver altar of Zin.
  6502 | D:8      | Became a worshipper of Gozag Ym Sagoz the Greedy
  6632 | D:8      | Found an iron altar of Okawaru.
  6727 | D:8      | Noticed Grum
  6749 | D:8      | Killed Grum
  6869 | D:8      | Found a flagged portal.
  6970 | Bailey   | Entered a bailey
  7002 | Bailey   | Reached skill level 1 in Dodging
  7148 | Bailey   | Identified the +6 rapier "Cerch" {drain, Fragile rC+ rN+}
  7172 | Bailey   | Found a burning altar of Makhleb.
  7176 | Bailey   | HP: 4/82 [orc warrior/+0 battleaxe (1)]
  7176 | Bailey   | Slain by a kobold brigand

Illustrated notes

Levels and vault maps discovered:
D:1:      dpeg_arrival_simpleton_b, layout_loops_corners,
          shapermc_ecumenical_altar_pompeii, supply_closet_lemuel
D:2:      layout_basic, corexii_leaking_fountain
D:3:      layout_basic, uniq_ijyb
D:4:      layout_loops_corners, nicolae_hepliaklqana_monster_ancestors,
          lightli_temple_of_fire
D:5:      layout_gridville, minmay_misc_feat_more_columns
D:6:      layout_loops_ring, minmay_temple_entry_from_below_b
D:7:      layout_basic, minmay_stone_trees_medium, minmay_manual_mullet
D:8:      layout_loops_ring, grunt_temple_overflow_open,
          okawaru_metal_pillars_1_2, enter_bailey_8, kennysheep_donut,
          uniq_prince_ribbit1, uniq_maggie, uniq_psyche, uniq_grum, uniq_pikel
Temple:   cyrus_circular_temple
Bailey:   bailey_axe_3, bailey

Skill      XL: |  1  2  3  4  5  6  7  8  9 |
---------------+----------------------------+-----
Fighting       | 4 5 6 7 8 |  8.7
Shields        | 4 5 6 |  6.3
Armour         | 4 5 6 7 8 |  8.7
Long Blades    | 3 4 5 7 |  7.4
Maces & Flails | 2 5 7 |  7.9
Dodging        | 1 |  1.0
Throwing       | |  0.3
Stealth        | |  0.5

Action                     |  1- 3 |  4- 6 |  7- 9 || total
---------------------------+-------+-------+-------++-------
  Melee: Long sword        |   135 |    86 |   125 ||   346
         Headbutt          |    18 |    25 |    50 ||    93
         Mace              |       |    73 |    91 ||   164
         War axe           |       |       |    16 ||    16
  Throw: Boomerang         |       |       |     4 ||     4
    Use: Potion            |       |     1 |     1 ||     2
         Scroll            |       |       |     4 ||     4
   Stab: Distracted        |       |       |     1 ||     1
 Armour: Scale mail        |    14 |       |       ||    14
         Plate armour      |    73 |   124 |   205 ||   402
  Dodge: Dodged            |    51 |    60 |   107 ||   218
  Block: Buckler           |    19 |    40 |    76 ||   135
